 Dungeon Crawl Stone Soup version 0.19-a0-465-g1d1674b (webtiles) character file.

1636 Ijustatesigmund the Nimble (level 8, 0/41 HPs)
             Began as a Spriggan Wizard on June 3, 2016.
             Succumbed to a scorpion's poison
             ... on level 7 of the Dungeon.
             The game lasted 00:31:51 (9615 turns).

Ijustatesigmund the Nimble (Spriggan Wizard)        Turns: 9615, Time: 00:31:52

Health: 0/41       AC:  8    Str:  4    XL:     8   Next: 66%
Magic:  7/17       EV: 25    Int: 20    God:
Gold:   180        SH:  2    Dex: 20    Spells: 3 memorised, 13 levels left

rFire  + . .     SeeInvis +     w - +1 short sword (holy)
rCold  . . .     Gourm    .     u - +2 robe {MR+}
rNeg   . . .     Faith    .     (shield restricted)
rPois  .         Spirit   .     b - +2 hat
rElec  .         Dismiss  .     q - +1 cloak
rCorr  .         Reflect  +     (gloves unavailable)
SustAt .         Harm     .     (boots unavailable)
MR     ++...                    v - +2 amulet of reflection
Stlth  +++++.....               i - +5 ring of dexterity
                                n - ring of protection from fire

@: lethally poisoned (0 -> -8), very slightly contaminated, repel missiles,
drained, very quick, very resistant to hostile enchantments, quite stealthy
A: unfitting armour, see invisible, herbivore 3, speed 3, slow metabolism 2
a: no special abilities


You were on level 7 of the Dungeon.
You were not hungry.

You visited 1 branch of the dungeon, and saw 7 of its levels.

You collected 180 gold pieces.

Inventory:

Hand Weapons
 f - a +1 dagger of venom
 w - a +1 short sword of holy wrath (weapon)
Armour
 b - a +2 hat (worn)
 q - a +1 cloak (worn)
 u - a +2 robe of magic resistance (worn)
Magical Staves
 h - an uncursed staff of fire
Jewellery
 i - a +5 ring of dexterity (right hand)
 j - an uncursed ring of positive energy
 m - an uncursed ring of ice
 n - a ring of protection from fire (left hand)
 v - a +2 amulet of reflection (around neck)
Wands
 t - a wand of digging (9/24)
Scrolls
 g - 2 scrolls of identify
 p - 3 scrolls of teleportation
 s - a scroll of immolation
Potions
 e - 3 potions of flight
 r - a potion of mutation
Books
 c - a book of Minor Magic

   Spells                             Type                      Level
   a - Magic Dart                     Conjuration                  1
   b - Blink                          Translocation                2
   c - Call Imp                       Summoning                    2
   d - Repel Missiles                 Charms/Air                   2
   e - Slow                           Hexes                        2
   f - Conjure Flame                  Conjuration/Fire             3
   g - Mephitic Cloud                 Conjuration/Poison/Air       3
Comestibles
 d - 6 bread rations


   Skills:
 - Level 3.6(3.4) Fighting
 - Level 5.1(4.9) Short Blades
 + Level 8.7(8.5) Dodging
 - Level 8.1(7.9) Stealth
 - Level 5.5(5.3) Spellcasting
 - Level 0.6(0.4) Conjurations
   Level 0.7(0.5) Summonings
 - Level 4.6(4.4) Translocations


You had 13 spell levels left.
You knew the following spells:

 Your Spells              Type           Power        Failure   Level  Hunger
a - Magic Dart            Conj           #...         12%         1    None
b - Blink                 Tloc           N/A          2%          2    None
c - Repel Missiles        Chrm/Air       #.....       21%         2    None


Dungeon Overview and Level Annotations

Branches:
Dungeon (7/15)
 Temple: D:4-7

Altars:
Fedhas
Okawaru
Pakellas
Ru
Trog

Annotations:
D:4 tstbtto's ghost, novice NaGl


Innate Abilities, Weirdness & Mutations

You are tiny and cannot use many weapons and most armour.
You have supernaturally acute eyesight. (SInv)
You are a herbivore.
You cover ground extremely quickly.
You need consume almost no food.


Message History

You hit the scorpion.
The scorpion is heavily wounded.
You feel sick. The scorpion completely misses you.
You hit the scorpion but do no damage.
The scorpion is heavily wounded.
You hit the scorpion.
The scorpion is severely wounded.
You feel sick. The scorpion barely misses you.
Okay, then.
You hit the scorpion.
The scorpion is severely wounded.
You feel sick. The scorpion stings you!
* * * LOW HITPOINT WARNING * * *
You hit the scorpion.
The scorpion is severely wounded.
* * * LOW HITPOINT WARNING * * *
You feel sick. The scorpion completely misses you.
You hit the scorpion but do no damage.
The scorpion is severely wounded.
You die...

#....# #..#.# #..#.#
########
#..#.######......#
###..#.............#
#....########......#
####.#.....# #......#
.....#..##.#.####....##
####.......#....@..#.#
#.#..#..#..#.s....#
#.#.....# ....#.#.#
#.#.###.#...........
..#.# #..##....#### ..#
#.. ...... ### ##
##.#### ..


You could see a scorpion.

Vanquished Creatures
  Grinder (D:5)
  Sigmund (D:5)
  Menkaure (D:5)
  A sky beast (D:5)
  An ice beast (D:5)
  An ogre (D:5)
  Blork the orc (D:6)
  A wight (D:6)
  2 howler monkeys (D:4)
  A centaur skeleton (D:4)
  2 orc priests
  2 hounds
  A jelly (D:5)
  5 worker ants
  4 orc wizards
  A hound zombie (D:5)
  7 gnolls
  9 adders
  3 adder skeletons
  A worm (D:3)
  4 dart slugs
  7 giant geckos
  22 orcs
  3 ball pythons
  14 bats
  5 giant cockroaches
  7 goblins
  9 hobgoblins
  2 jackals (D:2)
  3 giant gecko skeletons
  2 giant newts
  10 kobolds
  A quokka skeleton (D:5)
  5 rats
140 creatures vanquished.

Notes
Turn   | Place    | Note
--------------------------------------------------------------
     0 | D:1      | Ijustatesigmund the Spriggan Wizard began the quest for the Orb.
     0 | D:1      | Reached XP level 1. HP: 9/9 MP: 6/6
   646 | D:1      | Reached XP level 2. HP: 13/13 MP: 2/8
   734 | D:1      | Learned a level 2 spell: Blink
  1861 | D:1      | Reached skill level 1 in Short Blades
  1861 | D:1      | Reached XP level 3. HP: 16/16 MP: 4/9
  2394 | D:2      | Found a bloodstained altar of Trog.
  3151 | D:2      | Reached XP level 4. HP: 11/21 MP: 4/11
  3533 | D:2      | Learned a level 2 spell: Repel Missiles
  3935 | D:3      | Reached skill level 5 in Spellcasting
  4463 | D:4      | Reached XP level 5. HP: 18/24 MP: 6/13
  4741 | D:5      | Entered Level 5 of the Dungeon
  4758 | D:5      | Noticed Grinder
  4863 | D:4      | Noticed tstbtto's ghost (novice NaGl)
  4996 | D:3      | Reached skill level 1 in Fighting
  5141 | D:3      | Reached XP level 6. HP: 30/30 MP: 4/15
  5534 | D:3      | Found an iron altar of Okawaru.
  6103 | D:4      | Reached skill level 5 in Stealth
  6382 | D:5      | Noticed Sigmund
  6517 | D:5      | Killed Grinder
  6517 | D:5      | Reached XP level 7. HP: 12/35 MP: 6/16
  6755 | D:5      | Found a blossoming altar of Fedhas.
  6782 | D:5      | Killed Sigmund
  7822 | D:5      | Noticed Menkaure
  7876 | D:6      | Noticed Blork the orc
  7963 | D:6      | Noticed a hill giant
  7980 | D:5      | Reached XP level 8. HP: 29/40 MP: 12/17
  8276 | D:5      | Reached skill level 5 in Short Blades
  8591 | D:6      | Reached skill level 5 in Dodging
  8714 | D:5      | Killed Menkaure
  8796 | D:6      | Found an oddly glowing altar of Pakellas.
  8800 | D:6      | Found a sacrificial altar of Ru.
  9224 | D:6      | Killed Blork the orc
  9613 | D:7      | HP: 2/41 [scorpion (10)]
  9615 | D:7      | Succumbed to a scorpion's poison

Vault maps used:
D:1:      minmay_arrival_up_and_down, minivault_5
D:2:      overflow_temple_1_default
D:3:      first_bread, okawaru_gym_becter
D:4:      minmay_temple_entry_purple_smoke
D:5:      kennysheep_mini_moat, uniq_sigmund, uniq_grinder, uniq_menkaure
D:6:      gammafunk_temple_overflow_wave, uniq_blork_the_orc
D:7:      nicolae_tso_besieged_by_evil, enter_bailey_7, uniq_pikel

Skill      XL: |  1  2  3  4  5  6  7  8 |
---------------+-------------------------+-----
Dodging        | 4 8 |  8.7
Translocations | 2 3 4 |  4.6
Short Blades   | 1 3 4 5 |  5.1
Spellcasting   | 5 |  5.5
Stealth        | 4 6 7 8 |  8.1
Fighting       | 1 2 3 |  3.6
Conjurations   | |  0.6
Summonings     | |  0.7

Action                   |  1- 3 |  4- 6 |  7- 9 || total
-------------------------+-------+-------+-------++-------
Melee: Unarmed           |    15 |       |       ||    15
       Dagger            |    21 |    53 |   161 ||   235
       Short sword       |    47 |     7 |    34 ||    88
 Cast: Magic Dart        |   132 |   199 |   214 ||   545
       Repel Missiles    |       |     1 |     2 ||     3
       Blink             |       |     1 |     2 ||     3
  Use: Potion            |     2 |       |     2 ||     4
       Scroll            |     4 |     7 |     6 ||    17
 Stab: Invisible         |     2 |       |       ||     2
       Sleeping          |     2 |     1 |     3 ||     6
       Distracted        |       |       |     1 ||     1
  Eat: Pizza             |       |     1 |       ||     1
       Fruit             |       |     2 |     3 ||     5
Armor: Robe              |    19 |     8 |    19 ||    46
Dodge: Dodged            |   136 |   103 |   144 ||   383
       Deflected         |       |     3 |     2 ||     5
Block: Other             |       |       |    10 ||    10
       Reflection        |       |       |     1 ||     1
